 Dungeon Crawl Stone Soup version 0.15.0-9-g1a96a59 (webtiles) character file.

367 zercules the Covered (level 7, -4/52 HPs)
             Began as a Human Fighter on Aug 31, 2014.
             Was an Initiate of Elyvilon.
             Slain by a killer bee (5 damage)
             ... on Level 4 of the Dungeon.
             The game lasted 00:11:38 (3041 turns).

zercules the Covered (Human Fighter)                Turns: 3041, Time: 00:11:38

HP  -4/52        AC  7     Str 18 (21) XL: 7   Next:  1%
MP  10/10        EV  6     Int 11      God: Elyvilon [......]
Gold 119         SH  9     Dex 12      Spells:  0 memorised,  6 levels left

rFire  . . .     SeeInvis .     a - +1 trident
rCold  . . .     Clarity  .     b - +0 scale mail (curse)
rNeg   . . .     rCorr    .     c - +0 shield
rPois  .         rRot     .     (no helmet)
rElec  .         Spirit   .     (no cloak)
SustAb .         Warding  .     (no gloves)
rMut   .         Stasis   .     (no boots)
Gourm  .                        (no amulet)
MR     .....                    (no ring)
                                j - cursed ring of loudness

@: mighty, lethally poisoned, flying, not resistant to hostile enchantments,
extremely unstealthy
A: no striking features
a: Lesser Healing, Renounce Religion


You were on level 4 of the Dungeon.
You worshipped Elyvilon.
Elyvilon was noncommittal.
You were not hungry.

You visited 1 branch of the dungeon, and saw 4 of its levels.
You also visited: Ossuary.

You collected 119 gold pieces.


   Skills:
 - Level 3.2 Fighting
 + Level 3.9 Polearms
 + Level 4.4 Armour
 + Level 4.3 Shields
 + Level 2.9 Invocations


You had 6 spell levels left.
You didn't know any spells.

Dungeon Overview and Level Annotations

Branches:
Dungeon (4/15)
 Temple: D:4-7

Altars:
Elyvilon

Inventory:

Hand weapons
 a - a +1 trident (weapon)
 f - a +0 spear of flaming
   (You found it on level 2 of the Dungeon)
Armour
 b - a cursed +0 scale mail (worn)
 c - a +0 shield (worn)
Comestibles
 d - a bread ration
Scrolls
 m - a scroll of teleportation {@r4}
 n - a scroll of identify {@r9}
 o - a scroll of magic mapping {unknown}
Jewellery
 h - an uncursed ring of magical power {unknown}
 j - a cursed ring of loudness (left hand)
Potions
 e - a potion of might
 i - a potion of magic
 l - a potion of degeneration {!q}

.............
...............
#...............
#...............
#...............
............y#+#
.....<.....y.#.#
...........###.###
.........%.'..yy@+
...........###y###
.............#.#
.............#+#...#
...................#
...............#..##
..............## .
.............##
..........#


You could see 3 killer bees.


Message History

The killer bee stings you but does no damage.
The killer bee stings you.
You puncture the killer bee!
You kill the killer bee!
The killer bee stings you. You block the killer bee's attack.
You puncture the killer bee!
The killer bee is severely wounded.
The killer bee stings you. The killer bee stings you!
* * * LOW HITPOINT WARNING * * *
You miss the killer bee.
The killer bee is severely wounded.
The killer bee stings you but does no damage.
You block the killer bee's attack.
You closely miss the killer bee.
The killer bee is severely wounded.
The killer bee stings you.
* * * LOW HITPOINT WARNING * * *
The killer bee barely misses you. x2
You miss the killer bee.
The killer bee is heavily wounded.
You block the killer bee's attack. x2
You miss the killer bee.
The killer bee is heavily wounded.
The killer bee stings you.
* * * LOW HITPOINT WARNING * * *
The killer bee stings you but does no damage.
The killer bee closely misses you.
You completely miss the killer bee.
The killer bee is heavily wounded.
The killer bee stings you!
* * * LOW HITPOINT WARNING * * *
The killer bee closely misses you.
Your shield prevents you from hitting the killer bee.
The killer bee is heavily wounded.
The killer bee stings you but does no damage.
The killer bee stings you.
* * * LOW HITPOINT WARNING * * *
You are poisoned.
The killer bee poisons you!
You miss the killer bee.
The killer bee is heavily wounded.
You feel sick. The killer bee barely misses you.
You block the killer bee's attack.
The killer bee stings you but does no damage.
Drink which item? (? for menu, Esc to quit)
You feel better. You block the killer bee's attack. The killer bee stings you.
* * * LOW HITPOINT WARNING * * *
You puncture the killer bee!
The killer bee is almost dead.
You block the killer bee's attack. x2
You puncture the killer bee!
You kill the killer bee!
You have reached level 7!
The killer bee stings you!
* * * LOW HITPOINT WARNING * * *
Drink which item? (? for menu, Esc to quit)
There was something very wrong with that liquid!
You feel weakened.
It was a potion of degeneration.
The killer bee barely misses you.
The killer bee stings you but does no damage.
Drink which item? (? for menu, Esc to quit)
You feel very buoyant.
You fly up into the air.
It was a potion of flight.
The killer bee closely misses you. You block the killer bee's attack.
You miss the killer bee. You block the killer bee's attack.
The killer bee stings you.
* * * LOW HITPOINT WARNING * * *
You are lethally poisoned!
The killer bee poisons you! The killer bee stings you.
You die...

Action                   |  1- 3 |  4- 6 |  7- 9 || total
-------------------------+-------+-------+-------++-------
Melee: Trident           |    90 |   358 |     1 ||   449
Invok: Lesser Healing    |       |     2 |       ||     2
  Use: Scroll            |     3 |     1 |       ||     4
       Potion            |     2 |     7 |     2 ||    11
  Eat: Chunk             |       |     4 |       ||     4
       Beef jerky        |       |     1 |       ||     1
       Bread ration      |       |     1 |       ||     1

Vault maps used:
D:1:      dpeg_arrival_rooms_c
D:2:      elyvilon_altar_1, st_stairs_7
D:3:      first_bread
D:4:      okawaru_ov_weapons_minmay, minmay_temple_entry_crystal_x,
          nicolae_ossuary_entry_plus, portal_sewer_entry_f, minmay_ruptured
Ossuary:  ossuary_zaba_two_paths

Notes
Turn   | Place    | Note
--------------------------------------------------------------
     0 | D:1      | zercules, the Human Fighter, began the quest for the Orb.
     0 | D:1      | Reached XP level 1. HP: 18/18 MP: 1/1
   151 | D:1      | Reached XP level 2. HP: 24/24 MP: 2/2
   590 | D:2      | Found a white marble altar of Elyvilon.
   703 | D:2      | Became a worshipper of Elyvilon the Healer
   797 | D:2      | Reached XP level 3. HP: 21/29 MP: 3/3
   848 | D:2      | HP: 7/29 [adder (2)]
   850 | D:2      | HP: 3/29 [poisoned by an adder]
   856 | D:2      | HP: 7/29 [poisoned by an adder]
   860 | D:2      | HP: 3/29 [poisoned by an adder]
  1101 | D:3      | HP: 7/29 [worm (3)]
  1112 | D:3      | Reached XP level 4. HP: 9/35 MP: 4/4
  1391 | D:3      | Reached skill level 1 in Invocations
  1800 | D:3      | Reached skill level 3 in Polearms
  1970 | D:4      | Found a sand-covered staircase.
  1976 | Ossuary  | Entered an ossuary
  2165 | Ossuary  | Reached XP level 5. HP: 29/41 MP: 6/6
  2527 | Ossuary  | Reached skill level 4 in Armour
  2591 | Ossuary  | Reached skill level 2 in Invocations
  2706 | Ossuary  | Reached XP level 6. HP: 40/47 MP: 7/7
  2725 | Ossuary  | Reached skill level 4 in Shields
  3019 | D:4      | HP: 9/47 [killer bee (4)]
  3034 | D:4      | HP: 9/47 [killer bee (3)]
  3038 | D:4      | Reached XP level 7. HP: 11/52 MP: 10/10
  3041 | D:4      | HP: 1/52 [killer bee (4)]
  3041 | D:4      | Slain by a killer bee

Vanquished Creatures
  3 killer bees (D:4)
  5 big kobold zombies (Ossuary)
  A mummy (Ossuary)
  4 adders
  2 worms
  4 giant geckos
  2 oozes (D:3)
  5 orcs (D:3)
  4 spectral bats (Ossuary)
  A bat (D:3)
  7 gnoll zombies (Ossuary)
  3 hobgoblins
  4 bat simulacra (Ossuary)
  2 giant cockroaches (D:3)
  3 giant newts
  6 goblins
  3 goblin simulacra (Ossuary)
  6 goblin zombies (Ossuary)
  3 hobgoblin zombies (Ossuary)
  2 kobold simulacra (Ossuary)
  4 kobold zombies (Ossuary)
  5 orc zombies (Ossuary)
  3 rats
  7 rat simulacra (Ossuary)
  5 spectral goblins (Ossuary)
  3 spectral kobolds (Ossuary)
  4 spectral rats (Ossuary)
101 creatures vanquished.

Vanquished Creatures (others)
  A giant gecko (D:4)
1 creature vanquished.

Grand Total: 102 creatures vanquished
